AoeStats
← FeSec

Arabia

504329913Analyzed
4v4 RM · 27d ago on Sep 4, 2026· 30m 40s· 8 players
Game mode
Random Map
Map size
Large (8 player)
Population
200
Speed
Normal
Resources
Standard
Victory
Conquest
Starting age
Dark Age
Ending age
Imperial Age
RankedLock teamsTeams togetherTeam positionsShared explorationLock speedFull tech treeHidden civsTurbo modeCheats
Victory
Defeat
🇦🇷 Ethiopians · Argentina
1279
+13
🇧🇷 Magyars · Brazil
1232
+15
🇦🇷 Persians · Argentina
1212
+16
🇨🇳 Goths · China
1200
+17
🇺🇸 Chinese · United States
1265
-17
🇦🇹 Persians · Austria
1236
-16
🇪🇸 Magyars · Spain
1211
-15
🇺🇸 Hindustanis · United States
1163
-13
Magnificent Bastard
7:51 Loom
10:29 Feudal Age
12:49 Horse Collar
13:35 Bloodlines
24:07 Castle Age
22:19 Gold Mining
22:59 Double-Bit Axe
23:42 Scale Barding Armor
23:48 Forging
27:53 Chain Barding Armor
28:27 Husbandry
EL CID
5:34 Loom
10:37 Feudal Age
17:01 Fletching
24:00 Castle Age
22:54 Bloodlines
22:52 Scale Barding Armor
Kiwi
6:04 Loom
11:51 Feudal Age
16:13 Castle Age
19:25 Horse Collar
19:32 Double-Bit Axe
21:17 Scale Barding Armor
21:22 Forging
22:19 Bloodlines
25:38 Wheelbarrow
29:41 Forging
R3laxer
0:26 Loom
9:49 Feudal Age
11:11 Double-Bit Axe
18:19 Fletching
24:39 Castle Age
23:13 Padded Archer Armor
23:12 Gold Mining
24:42 Crossbowman
25:29 Thumb Ring
26:09 Bodkin Arrow
27:12 Bow Saw
Rōnin
7:03 Loom
9:34 Feudal Age
10:12 Double-Bit Axe
13:11 Horse Collar
21:19 Castle Age
20:17 Bloodlines
20:21 Scale Barding Armor
20:13 Gold Mining
22:09 Heavy Plow
23:00 Bow Saw
24:29 Wheelbarrow
24:53 Chain Barding Armor
27:05 Husbandry
27:32 Town Watch
28:53 Gold Shaft Mining
Nicolitou
3:39 Loom
10:31 Feudal Age
11:19 Double-Bit Axe
23:24 Castle Age
21:40 Padded Archer Armor
22:29 Fletching
23:49 Crossbowman
28:06 Horse Collar
FeSec
8:07 Loom
10:19 Feudal Age
11:13 Double-Bit Axe
18:49 Castle Age
18:25 Bloodlines
18:31 Forging
27:36 Husbandry
28:01 Horse Collar
29:55 Iron Casting
31:15 Scale Barding Armor
朱文龙
6:14 Loom
10:51 Feudal Age
12:49 Double-Bit Axe
14:04 Gold Mining
13:59 Horse Collar
17:01 Fletching
19:04 Padded Archer Armor
24:12 Castle Age
24:12 Wheelbarrow
24:49 Bodkin Arrow
25:09 Leather Archer Armor
24:17 Crossbowman
25:42 Bow Saw
25:34 Heavy Plow
28:57 Ballistics
31:29 Hand Cart
Connection lost

Rejoining the realm…

Still unreachable

The connection could not be restored.

Session expired

The server has moved on; the page needs a fresh start.